 Dungeon Crawl Stone Soup version 0.28-a0-1212-gc6b4282bc0 (webtiles) character file.

Game seed: 8135650719734476002

2391 Htamos the Ogre Mage (level 9, -17/94 HPs)
             Began as an Ogre Conjurer on Dec 21, 2021.
             Was a Believer of Vehumet.
             Killed from afar by Erica (25 damage)
             ... with a bolt of poison
             ... on level 8 of the Dungeon.
             The game lasted 00:19:14 (10849 turns).

Htamos the Ogre Mage (Ogre Conjurer)               Turns: 10849, Time: 00:19:16

Health: -17/94     AC:  3    Str: 13    XL:     9   Next: 46%
Magic:  20/21      EV:  9    Int: 23    God:    Vehumet [**....]
Gold:   272        SH:  5    Dex:  7    Spells: 15/24 levels left

rFire   . . .      SeeInvis .   A - +0 flail (venom)
rCold   . . .      Faith    .   (no shield)
rNeg    . . .      Spirit   .   a - +0 robe
rPois   .          Reflect  +   (helmet restricted)
rElec   .          Harm     .   s - scarf {repulsion}
rCorr   .          Rampage  .   (gloves unavailable)
Will    .....                   (boots unavailable)
Stlth   ++........              h - amulet of reflection
HPRegen 0.25/turn               (no ring)
MPRegen 0.17/turn               (no ring)

@: lethally poisoned (-17 -> -31), slowed, repel missiles, very slow
A: large, unfitting armour, tough skin 1
a: Renounce Religion


You were on level 8 of the Dungeon.
You worshipped Vehumet.
Vehumet was pleased with you.
You visited 1 branch of the dungeon, and saw 8 of its levels.

You collected 556 gold pieces.
You spent 284 gold pieces at shops.

Inventory:

Hand Weapons
 e - a +0 dagger
 k - a +0 whip
 w - a +0 giant spiked club
 A - a +0 flail of venom (weapon)
Missiles
 d - 59 poisoned darts
 y - 6 curare-tipped darts
 B - a throwing net
Armour
 a - a +0 robe (worn)
 s - a scarf of repulsion (worn)
Magical Staves
 t - a staff of earth
 E - a staff of fire
Jewellery
 h - an amulet of reflection (around neck)
 u - an amulet of regeneration
 z - a +4 ring of evasion
Wands
 m - a wand of charming (1)
 D - a wand of polymorph (14)
 F - a wand of mindburst (9)
Scrolls
 c - a scroll of magic mapping
 f - a scroll of fog {unknown}
 i - a scroll of amnesia {unknown}
 p - a scroll of fear
 q - 2 scrolls of teleportation {unknown}
 r - a scroll of enchant armour {unknown}
 v - 2 scrolls of vulnerability {unknown}
 x - 4 scrolls of identify {unknown}
Potions
 b - 2 potions of brilliance {unknown}
 g - 5 potions of lignification {unknown}
 j - a potion of magic {unknown}
 l - a potion of resistance
 n - 3 potions of mutation {unknown}
 o - 2 potions of might {unknown}
 C - 2 potions of curing {unknown}


   Skills:
 + Level 7.7 Fighting
 + Level 3.6 Maces & Flails
 - Level 1.7 Dodging
 - Level 3.6 Stealth
 * Level 8.3 Spellcasting
 + Level 6.2 Conjurations


You had 15 spell levels left.
You knew the following spells:

 Your Spells              Type           Power      Damage    Failure   Level
a - Magic Dart            Conj           100%       1d8       1%          1
b - Fulminant Prism       Conj/Hex       11%        3d9       19%         4
c - Iskenderun's Mystic   Conj/Tloc      23%        2d6       19%         4

Your spell library contained the following spells:

 Spells                   Type           Power      Damage    Failure   Level
 Sandblast                Erth           18%        2d7       7%          1
 Searing Ray              Conj           76%        2d7       1%          2
 Dazzling Flash           Conj/Hex       46%        N/A       5%          3
 Slow                     Hex            36%        N/A       7%          1
 Sting                    Tmut/Pois      36%        1d4       7%          1
 Sublimation of Blood     Necr           9%         N/A       11%         2
 Wereblood                Tmut           9%         N/A       11%         2
 Confusing Touch          Hex            9%         N/A       21%         3
 Vampiric Draining        Necr           9%         2d6       21%         3
 Olgreb's Toxic Radiance  Pois           9%         N/A       56%         4
 Blade Hands              Tmut           4%         N/A       88%         5
 Summon Forest            Summ/Tloc      4%         N/A       88%         5
 Monstrous Menagerie      Summ           4%         N/A       100%        7
 Ozocubu's Refrigeration  Ice            4%         4d5       100%        7
 Summon Hydra             Summ           4%         N/A       100%        7
 Ignition                 Fire           4%         3d4       100%        8


Dungeon Overview and Level Annotations

Branches:
Dungeon (8/15)             Temple (0/1) D:7
   Lair: D:8-11

Altars:
Vehumet
The Shining One

Shops:
D:5 ((*

Annotations:
D:3 3 runed translucent doors, niknal's ghost, amateur GrFi
D:4 exclusion: downstairs
D:5 exclusion: downstairs
D:8 Erica


Innate Abilities, Weirdness & Mutations

You are too large for most types of armour.
You have tough skin. (AC +1)


Message History

Confirm with . or Enter, or press ? or * to list all spells.
Aiming: Magic Dart (safe; 1% risk of failure)
Press: ? - help, Shift-Dir - straight line The magic dart hits something but does no damage.
Casting: Magic Dart (safe; 1% risk of failure)
Confirm with . or Enter, or press ? or * to list all spells.
Aiming: Magic Dart (safe; 1% risk of failure)
Press: ? - help, Shift-Dir - straight line The magic dart hits something.
You miss something. Something hits you! Something burns you.
You hit something.
You hear some strange, mumbled words.
A bolt of poison appears from out of thin air!
The bolt of poison hits you!
You are poisoned.
You barely miss something.
You feel very sick. Something hits you!
* * * LOW HITPOINT WARNING * * *
Something burns you.
* * * LOW HITPOINT WARNING * * *
You hear some strange, mumbled words.
You feel yourself slow down.
You feel very sick.
You feel very sick.
You hear some strange, mumbled words.
Something tries to affect you, but you resist.
You feel sick.
You feel sick. Something hits you!
* * * LOW HITPOINT WARNING * * *
Something burns you.
* * * LOW HITPOINT WARNING * * *
You feel sick.
You feel sick.
You are no longer poisoned.
You hear some strange, mumbled words.
A bolt of poison appears from out of thin air!
The bolt of poison hits you!!
You are lethally poisoned!
You die...

#.# #.# #.######.##
#.........### .
#...........# ...
#...#<......#
.....###...#########
...........#
.....####..#
##...#@.#..#
..........>.#
###.####{#..########
#.#.....)....
#.#.#########
#...........#
###.####..#.# #.#
#..#.#
.######.#######.#


There were no monsters in sight!

Vanquished Creatures
  Edmund (D:5)
  Duvessa (D:6)
  An orc warrior (D:7)
  A sky beast (D:5)
  A necrophage (D:5)
  2 ogres
  2 centaurs
  2 phantoms
  A kobold brigand (D:5)
  3 bullfrogs
  A scorpion (D:5)
  A wyvern skeleton (D:7)
  A water moccasin zombie (D:3)
  Dowan (D:6)
  A water moccasin skeleton (D:6)
  2 vampire bats (D:5)
  A howler monkey (D:6)
  A centaur zombie (D:5)
  A bullfrog zombie (D:5)
  A hound (D:5)
  An orc priest (D:6)
  3 jellies (D:6)
  3 bullfrog skeletons
  3 iguanas
  3 orc wizards
  A statue (D:5)
  A hound skeleton (D:3)
  4 gnolls
  8 adders
  A howler monkey skeleton (D:4)
  A river rat (D:6)
  3 white imps
  An adder skeleton (D:4)
  A worm (D:4)
  3 dart slugs
  12 orcs
  13 bats
  9 endoplasms
  4 giant cockroaches
  7 goblins
  6 hobgoblins
  8 jackals
  4 quokkas
  5 ball pythons
  6 frilled lizards
  13 kobolds
  7 rats
157 creatures vanquished.

Vanquished Creatures (collateral kills)
  An orc priest (D:7)
  An orc wizard (D:7)
  2 orcs (D:7)
4 creatures vanquished.

Grand Total: 161 creatures vanquished

Notes
Turn   | Place    | Note
-------+----------+-------------------------------------------
     0 | D:1      | Htamos the Ogre Conjurer began the quest for the Orb.
     0 | D:1      | Reached XP level 1. HP: 16/16 MP: 3/3
   243 | D:1      | Reached skill level 1 in Fighting
   282 | D:1      | Reached XP level 2. HP: 23/27 MP: 1/5
   567 | D:1      | Reached XP level 3. HP: 35/35 MP: 5/7
   764 | D:1      | Found a faded altar of an unknown god.
  1365 | D:2      | Found a glowing golden altar of the Shining One.
  1668 | D:2      | Reached skill level 3 in Spellcasting
  1719 | D:2      | Reached XP level 4. HP: 40/44 MP: 0/8
  2232 | D:3      | You fall into a shaft and drop 3 floors!
  2232 | D:6      | Noticed a kobold brigand
  2234 | D:6      | Noticed a centaur
  2237 | D:5      | Entered Level 5 of the Dungeon
  2237 | D:5      | Found Setzov's Weapon Shoppe.
  2237 | D:5      | Found Xoakyuph's Weapon Boutique.
  2292 | D:5      | Noticed a phantom
  2426 | D:5      | Noticed a scorpion
  2448 | D:5      | Killed a scorpion
  2449 | D:5      | Reached XP level 5. HP: 43/54 MP: 0/10
  2463 | D:5      | Noticed an ogre
  3263 | D:4      | Noticed a phantom
  3596 | D:3      | Reached XP level 6. HP: 44/63 MP: 9/11
  3736 | D:3      | Found a runed translucent gate.
  3736 | D:3      | Found a runed translucent gate.
  3746 | D:3      | Found a runed translucent gate.
  3748 | D:3      | Noticed niknal's ghost (amateur GrFi)
  3939 | D:3      | Reached skill level 4 in Spellcasting
  4738 | D:3      | Learned a level 4 spell: Fulminant Prism
  4745 | D:3      | Learned a level 4 spell: Iskenderun's Mystic Blast
  4849 | D:4      | Got the Volume of the Escort and Transformation
  5187 | D:5      | Reached skill level 5 in Fighting
  5232 | D:4      | Reached XP level 7. HP: 62/72 MP: 0/14
  5844 | D:5      | Reached skill level 5 in Spellcasting
  5995 | D:5      | Bought 6 curare-tipped darts for 46 gold pieces
  6126 | D:5      | Reached skill level 1 in Maces & Flails
  6126 | D:5      | Reached skill level 5 in Conjurations
  6230 | D:5      | Found a radiant altar of Vehumet.
  6239 | D:5      | Became a worshipper of Vehumet
  6458 | D:5      | Reached XP level 8. HP: 81/83 MP: 10/16
  6599 | D:5      | Found Gudeklow's General Store.
  6771 | D:5      | Bought a wand of iceblast (13) for 238 gold pieces
  6935 | D:5      | Reached skill level 6 in Spellcasting
  7974 | D:6      | Reached * piety under Vehumet
  7974 | D:6      | Offered knowledge of Sandblast by Vehumet.
  8003 | D:6      | Noticed Duvessa
  8007 | D:6      | Noticed Dowan
  8010 | D:6      | Killed Duvessa
  8011 | D:6      | Reached skill level 7 in Spellcasting
  8014 | D:6      | Killed Dowan
  8015 | D:6      | Reached XP level 9. HP: 76/93 MP: 13/19
  8362 | D:6      | Noticed Edmund
  8633 | D:5      | Killed Edmund
  9369 | D:7      | Found a staircase to the Ecumenical Temple.
  9509 | D:7      | Reached skill level 8 in Spellcasting
 10334 | D:7      | Reached ** piety under Vehumet
 10821 | D:8      | Noticed Erica
 10821 | D:8      | Noticed a wizard
 10849 | D:8      | Killed from afar by Erica

Illustrated notes

Levels and vault maps discovered:
D:1:      amcnicky_arrival_double_pillar, layout_basic,
          hellmonk_ecumenical_altar_prayer_group, minmay_misc_feat_secret_circle
D:2:      layout_loops_ring, basic_altar
D:3:      minmay_chambers_of_twos, layout_rooms, gammafunk_ghost_split
D:4:      layout_basic
D:5:      layout_loops_ring, vehumet_statue, serial_shops, shop, shop_statue,
          nicolae_lakefront_shop, roderic_batcave, kennysheep_cross_room
D:6:      layout_cave_pools, gup_sewer_entry_bubbles, uniq_duvessa, uniq_edmund
D:7:      layout_basic, minmay_temple_entry_ruins
D:8:      cheibrodos_wizards_tower, layout_basic, nicolae_transmutations_shop,
          uniq_erica

Skill      XL: |  1  2  3  4  5  6  7  8  9 |
---------------+----------------------------+-----
Fighting       | 1 2 3 4 5 7 |  7.7
Spellcasting   | 3 4 5 7 8 |  8.3
Stealth        | 2 3 |  3.6
Conjurations   | 4 5 6 |  6.2
Maces & Flails | 1 2 3 |  3.6
Dodging        | |  1.7

Action                   |  1- 3 |  4- 6 |  7- 9 || total
-------------------------+-------+-------+-------++-------
Melee: Unarmed           |    13 |       |     1 ||    14
       Dagger            |       |     9 |       ||     9
       Whip              |       |     2 |       ||     2
       Giant spiked club |       |       |    83 ||    83
       Flail             |       |       |    80 ||    80
 Cast: Magic Dart        |    74 |   184 |   186 ||   444
       Iskenderun's Myst |       |       |     9 ||     9
Evoke: Wand              |       |       |    15 ||    15
  Use: Potion            |       |     6 |     1 ||     7
       Scroll            |       |     1 |     1 ||     2
 Stab: Sleeping          |       |       |     3 ||     3
Armor: Robe              |     7 |    29 |    83 ||   119
Dodge: Dodged            |     7 |    42 |   112 ||   161
       Repelled          |       |       |     2 ||     2
Block: Other             |     3 |    22 |    52 ||    77
       Reflection        |       |     1 |     1 ||     2

Table legend: (Time is in decaauts)
 A = Elapsed time spent in this place.
 B = Non-inter-level travel time spent in this place.
 C = Inter-level travel time spent in this place.
 D = Time resting spent in this place.
 E = Time spent auto-exploring this place.
 F = Levels seen in this place.
 G = Mean time per level.
                   A        B        C        D        E       F      G
               +--------+--------+--------+--------+--------+-----+--------+
         Total |  10971 |  10523 |    448 |   1742 |   6982 |   8 | 1371.4 |
       Dungeon |  10971 |  10523 |    448 |   1742 |   6982 |   8 | 1371.4 |
               +--------+--------+--------+--------+--------+-----+--------+

Top non-repeatable levels by time:
     D:5: 2973 daAuts
     D:4: 1524 daAuts
     D:7: 1508 daAuts
     D:3: 1429 daAuts
     D:2: 1354 daAuts
     D:6: 1129 daAuts
     D:1: 942 daAuts
     D:8: 109 daAuts
